 Dungeon Crawl Stone Soup version 0.30-a0-808-g6e0788376e (webtiles) character file.

Game seed: 17281152034379741471

365 cforsyth the Sneak (level 7, -1/43 HPs)
             Began as a Kobold Brigand on Feb 26, 2023.
             Succumbed to a killer bee's poison
             ... on level 4 of the Dungeon.
             The game lasted 00:03:45 (4335 turns).

cforsyth the Sneak (Kobold Brigand)                 Turns: 4335, Time: 00:03:45

Health: -1/43      AC:  5    Str:  7    XL:     7   Next: 0%
Magic:  6/6        EV: 17    Int: 12    God:
Gold:   162        SH:  0    Dex: 22    Spells: 6/6 levels left

rFire   . . .      SeeInvis .    k - +4 short sword
rCold   . . .      Faith    .    (no shield)
rNeg    . . .      Spirit   .    b - +0 robe
rPois   .          Reflect  .    u - +1 helmet
rElec   .          Harm     .    c - +0 cloak
rCorr   .          Rampage  .    (no gloves)
Will    .....                    (no boots)
Stlth   +++++                    (no amulet)
HPRegen 0.27/turn                (no ring)
MPRegen 0.10/turn                (no ring)

@: lethally poisoned (-1 -> -13)
A: small, no large weapons, nightstalker 3, agile 1, low MP 1
a: no special abilities


You were on level 4 of the Dungeon.
You visited 1 branch of the dungeon, and saw 4 of its levels.

You collected 162 gold pieces.

Inventory:

Hand Weapons
 a - a +2 dagger
 k - a +4 short sword (weapon)
Missiles
 d - 16 poisoned darts (quivered)
 e - 3 curare-tipped darts
Armour
 b - a +0 robe (worn)
 c - a +0 cloak (worn)
 u - a +1 helmet (worn)
Jewellery
 j - a ring of protection from cold
 l - a ring of willpower
Wands
 f - a wand of light (12)
 s - a wand of paralysis (8)
Scrolls
 g - 6 scrolls of identify {unknown}
 h - 3 scrolls of fear {unknown}
 i - 2 scrolls of blinking {unknown}
 m - a scroll of amnesia {unknown}
 n - a scroll of magic mapping {unknown}
 o - 2 scrolls of noise {unknown}
 p - a scroll of teleportation {unknown}
 v - a scroll of immolation {unknown}
 y - 3 scrolls of poison {unknown}
 z - a scroll of enchant weapon {unknown}
Potions
 q - 2 potions of curing
 r - a potion of flight {unknown}
 t - a potion of brilliance {unknown}
 w - a potion of degeneration {unknown}
 x - a potion of attraction {unknown}


   Skills:
 + Level 4.2 Fighting
 + Level 5.0 Short Blades
 - Level 2.1 Throwing
 + Level 4.0 Dodging
 + Level 7.1 Stealth


You had 6 spell levels left.
You didn't know any spells.
Your spell library was empty.

Dungeon Overview and Level Annotations

Branches:
Dungeon (4/15)             Temple (0/1) D:4

Altars:
Qazlal
Ru

Shops:
D:2 (


Innate Abilities, Weirdness & Mutations

You are small and have problems with some larger weapons.
You are completely attuned to the shadows.
You are agile. (Dex +4, Str/Int -1)
Your magical capacity is low. (-10% MP)


Message History

You are too injured to fight recklessly!
You are too injured to fight recklessly!
You are too injured to fight recklessly!
You are too injured to fight recklessly!
You are too injured to fight recklessly!
You feel better. The killer bee misses you. The killer bee closely misses you.
You hit the killer bee.
The killer bee is heavily wounded.
The killer bee barely misses you. The killer bee closely misses you.
You miss the killer bee.
The killer bee is heavily wounded.
The killer bee stings you.
You are poisoned.
The killer bee poisons you!
You barely miss the killer bee.
The killer bee is heavily wounded.
You feel sick. The killer bee completely misses you. The killer bee misses you.
You hit the killer bee.
The killer bee is severely wounded.
The killer bee completely misses you.
You hit the killer bee.
The killer bee is almost dead.
You feel sick. The killer bee stings you.
You closely miss the killer bee.
The killer bee is almost dead.
You feel sick. The killer bee stings you.
* * * LOW HITPOINT WARNING * * *
You are more poisoned.
The killer bee poisons you! The killer bee stings you!
* * * LOW HITPOINT WARNING * * *
You are more poisoned.
The killer bee poisons you!
You barely miss the killer bee.
The killer bee is almost dead.
* * * LOW HITPOINT WARNING * * *
You feel very sick. The killer bee closely misses you.
The killer bee misses you.
You miss the killer bee.
The killer bee is almost dead.
You die...

#.# #.# .. #.#
#.# #.# #.#
#.#
#y##.#######.#
#y##.........#
#y##.#########
#y##.#
###@##.#
........#
####..### ##.#
#.# #.#


You could see 4 killer bees.

Vanquished Creatures
  Sigmund (D:2)
  A jelly (D:4)
  Natasha (thrice) (D:2)
  4 adders
  A worm (D:3)
  2 dart slugs (D:2)
  An orc (D:3)
  6 ball pythons
  2 endoplasms
  2 giant cockroaches
  9 goblins
  4 hobgoblins
  5 jackals (D:3)
  9 kobolds
  A quokka (D:2)
  7 bats
  4 frilled lizards
  A rat (D:2)
63 creatures vanquished.

Vanquished Creatures (others)
  A goblin (D:2)
  2 plants (D:3)
3 creatures vanquished.

Grand Total: 66 creatures vanquished

Notes
Turn   | Place    | Note
-------+----------+-------------------------------------------
     0 | D:1      | cforsyth the Kobold Brigand began the quest for the Orb.
     0 | D:1      | Reached XP level 1. HP: 12/12 MP: 1/1
   112 | D:1      | Reached XP level 2. HP: 15/18 MP: 2/2
  1067 | D:1      | Reached XP level 3. HP: 22/22 MP: 3/3
  1410 | D:2      | Reached XP level 4. HP: 27/27 MP: 4/4
  1580 | D:2      | Found Guokufow's Weapon Shoppe.
  1613 | D:2      | Reached skill level 6 in Stealth
  1683 | D:2      | Noticed Sigmund
  1697 | D:2      | Gained mutation: You are agile. (Dex +4, Str/Int -1)
                  | [potion of mutation]
  1697 | D:2      | Gained mutation: Your magical capacity is low. (-10% MP)
                  | [potion of mutation]
  1701 | D:2      | Killed Sigmund
  1702 | D:2      | Reached XP level 5. HP: 31/33 MP: 4/4
  1702 | D:2      | Reached XP level 6. HP: 36/38 MP: 5/5
  1775 | D:2      | Noticed Natasha
  1779 | D:2      | Killed Natasha
  2021 | D:2      | Noticed Natasha
  2064 | D:2      | Killed Natasha
  2283 | D:2      | Noticed Natasha
  2290 | D:2      | Killed Natasha
  2348 | D:2      | Found Guokufow's Weapon Shoppe.
  3305 | D:3      | Reached skill level 7 in Stealth
  3572 | D:3      | Found a sacrificial altar of Ru.
  4077 | D:4      | Found a stormy altar of Qazlal.
  4250 | D:4      | Found a staircase to the Ecumenical Temple.
  4313 | D:4      | Reached skill level 5 in Short Blades
  4313 | D:4      | Reached XP level 7. HP: 43/43 MP: 6/6
  4334 | D:4      | HP: 1/43 [poisoned by a killer bee]
  4335 | D:4      | Succumbed to a killer bee's poison

Illustrated notes

Levels and vault maps discovered:
D:1:      dpeg_arrival_rooms_b, layout_loops_corners, serial_bayou_pond_a
D:2:      layout_basic, serial_shops, shop, uniq_sigmund, uniq_natasha
D:3:      layout_loops_ring, nicolae_ru_sacrificial_ziggurat,
          serial_bayou_lake_a
D:4:      layout_loops_ring, grunt_qazlal_clouds,
          minmay_temple_entry_glassed_door, chequers_serial_rivers_room_a

Skill      XL: |  1  2  3  4  5  6 |
---------------+-------------------+-----
Short Blades   | 3 4 5 |  5.0
Dodging        | 2 3 4 |  4.0
Fighting       | 3 4 |  4.2
Stealth        | 6 7 |  7.1
Throwing       | |  2.1

Action                     |  1- 3 |  4- 6 |  7- 9 || total
---------------------------+-------+-------+-------++-------
  Melee: Dagger            |    21 |       |       ||    21
         Short sword       |    40 |    79 |    18 ||   137
         Punch             |     1 |       |     1 ||     2
    Use: Potion            |     3 |     2 |     1 ||     6
   Stab: Sleeping          |    14 |    15 |       ||    29
         Distracted        |     2 |     3 |       ||     5
 Armour: Robe              |    10 |     6 |     1 ||    17
  Dodge: Dodged            |    54 |    29 |    17 ||   100

Table legend: (Time is in decaauts)
 A = Elapsed time spent in this place.
 B = Non-inter-level travel time spent in this place.
 C = Inter-level travel time spent in this place.
 D = Time resting spent in this place.
 E = Time spent auto-exploring this place.
 F = Levels seen in this place.
 G = Mean time per level.
                   A        B        C        D        E       F      G
               +--------+--------+--------+--------+--------+-----+--------+
         Total |   4345 |   4193 |    152 |      0 |   3580 |   4 | 1086.2 |
       Dungeon |   4345 |   4193 |    152 |      0 |   3580 |   4 | 1086.2 |
               +--------+--------+--------+--------+--------+-----+--------+

Top non-repeatable levels by time:
     D:2: 1995 daAuts
     D:1: 1141 daAuts
     D:3: 870 daAuts
     D:4: 338 daAuts
